 Dungeon Crawl Stone Soup version 0.25-a0-353-ged6d54792d (webtiles) character file.

Game seed: 11714482129310644397, levelgen mode: deterministic

67 BritishOli the Slasher (level 3, 0/28 HPs)
             Began as a Demonspawn Gladiator on Jan 2, 2020.
             Was an Initiate of Okawaru.
             Slain by a bat (1 damage)
             ... on level 2 of the Dungeon.
             The game lasted 00:02:34 (830 turns).

BritishOli the Slasher (Demonspawn Gladiator)        Turns: 830, Time: 00:02:34

Health: 0/28       AC:  7    Str: 15    XL:     3   Next: 98%
Magic:  3/3        EV:  8    Int:  9    God:    Okawaru [......]
Gold:   26         SH:  7    Dex: 14    Spells: 2/2 levels left

rFire    + . .     SeeInvis .   a - +0 long sword
rCold    . . .     Gourm    .   j - +0 shield
rNeg     . . .     Faith    .   i - +0 scale mail
rPois    .         Spirit   .   c - +0 helmet
rElec    .         Reflect  .   (no cloak)
rCorr    .         Harm     .   (no gloves)
MR       .....     Rnd*Tele +   (no boots)
Stlth    ..........             (no amulet)
HPRegen  0.09/turn              n - ring of teleportation (curse)
MPRegen  0.08/turn              (no ring)

@: lethally poisoned (0 -> -2)
A: fire resistance 1, flame cloud immunity
a: Renounce Religion


You were on level 2 of the Dungeon.
You worshipped Okawaru.
Okawaru was noncommittal.
You were not hungry.

You visited 1 branch of the dungeon, and saw 2 of its levels.

You collected 26 gold pieces.

Inventory:

Hand Weapons
 a - a +0 long sword (weapon)
Missiles
 d - 3 throwing nets (quivered)
Armour
 b - a +0 large shield
 c - a +0 helmet (worn)
 i - a +0 scale mail (worn)
 j - a +0 shield (worn)
 k - a +0 plate armour
Jewellery
 n - a cursed ring of teleportation (left hand)
Scrolls
 e - a scroll of noise {unknown}
 g - a scroll of enchant armour {unknown}
 l - a scroll of remove curse {unknown}
 m - a scroll of fear {unknown}
 o - 2 scrolls of teleportation {unknown}
 q - a scroll of enchant weapon {unknown}
Potions
 h - a potion of brilliance
 p - a potion of berserk rage {unknown}
Comestibles
 f - 3 rations


   Skills:
 + Level 2.6 Fighting
 * Level 3.4 Long Blades
 - Level 2.0 Throwing
 + Level 3.1 Dodging
 + Level 1.0 Shields


You had 2 spell levels left.
You didn't know any spells.
Your spell library was empty.

Dungeon Overview and Level Annotations

Branches:
Dungeon (2/15)

Altars:
Fedhas
Nemelex Xobeh
Okawaru


Innate Abilities, Weirdness & Mutations

Your flesh is heat resistant. (rF+)
You are immune to clouds of flame.


Message History

* * * LOW HITPOINT WARNING * * *
You feel sick. The bat barely misses you.
You riposte.
You closely miss the bat. The bat hits you but does no damage.
You block the bat's attack. The bat closely misses you.
You block the bat's attack.
* * * LOW HITPOINT WARNING * * *
You feel sick. You block the bat's attack. The bat hits you but does no damage.
You block the bat's attack. The bat closely misses you.
* * * LOW HITPOINT WARNING * * *
You feel sick. You block the bat's attack. The bat barely misses you.
The adder bites you but does no damage. The bat hits you but does no damage.
You block the bat's attack. You block the bat's attack.
The bat closely misses you.
* * * LOW HITPOINT WARNING * * *
You feel sick. You block the bat's attack.
Your shield and scale mail prevent you from hitting the bat.
The bat closely misses you. The bat hits you.
You die...

#.#...# #.#.### #.#.... ###
#.#.###
###########.###.#...#
.......(....[...###.#
#######.###.........#
#############.###.#...#####
#......##<@bSK....#...#
###......######S#####...#
...........K..>..†.....#
#.................#..##
#.......S......#..#..#
##......#########.....#
#.....................#
#...........######..#.#
#.#.........# #)..#.#


You could see 2 adders, a bat and a kobold.

Vanquished Creatures
  2 gnolls (D:2)
  An adder (D:2)
  A worm (D:2)
  3 dart slugs
  A leopard gecko (D:1)
  2 ball pythons (D:1)
  3 bats
  2 giant cockroaches (D:2)
  3 hobgoblins
  A quokka (D:2)
  A frilled lizard (D:1)
  3 goblins
  4 kobolds
  5 rats (D:1)
32 creatures vanquished.

Notes
Turn   | Place    | Note
-------+----------+-------------------------------------------
     0 | D:1      | BritishOli the Demonspawn Gladiator began the quest for the
                  | Orb.
     0 | D:1      | Reached XP level 1. HP: 16/16 MP: 1/1
   161 | D:1      | Gained mutation: Your flesh is heat resistant. (rF+)
                  | [demonic ancestry]
   161 | D:1      | Reached XP level 2. HP: 19/22 MP: 2/2
   445 | D:1      | Found a sparkling altar of Nemelex Xobeh.
   611 | D:2      | Gained mutation: You are immune to clouds of flame.
                  | [demonic ancestry]
   611 | D:2      | Reached XP level 3. HP: 18/28 MP: 3/3
   613 | D:2      | Found an iron altar of Okawaru.
   629 | D:2      | Became a worshipper of Warmaster Okawaru
   689 | D:2      | Reached skill level 1 in Shields
   787 | D:2      | Found a blossoming altar of Fedhas.
   829 | D:2      | HP: 1/28 [poisoned by an adder]
   830 | D:2      | Slain by a bat

Levels and vault maps discovered:
D:1:      dpeg_arrival_simpleton_c, layout_loops_ring,
          nemelex_xobeh_ov_fountains_minmay
D:2:      layout_basic, nicolae_overflow_crystal_walls,
          okawaru_altar_gauntlet_db, chequers_ecumenical_altar_island,
          first_ration, minmay_misc_feat_ornament,
          nicolae_ru_the_path_less_chosen

Skill      XL: |  1  2  3 |
---------------+----------+-----
Throwing       | 2 |  2.0
Long Blades    | 3 |  3.4
Dodging        | 3 |  3.1
Shields        | 1 |  1.0
Fighting       | |  2.6

Action                   || total
-------------------------++-------
Melee: Long sword        ||   108
  Use: Potion            ||     3
 Stab: Sleeping          ||     1
Armor: Leather armour    ||     5
       Scale mail        ||    52
Dodge: Dodged            ||    63
Block: Shield            ||    57
       Rpst.: Long sword ||    17

Table legend:
 A = Non-vault XP
 B = Vault XP
 C = Vault XP percentage of total XP
 D = Non-vault monster count
 E = Vault monster count
 F = Vault count percentage of total count
                 A         B        C        D         E       F
            +---------+---------+-------+---------+---------+-------
      Total |      62 |      34 |  35.4 |      26 |       6 |  18.8
            +---------+---------+-------+---------+---------+-------
        D:1 |      31 |       0 |   0.0 |      18 |       0 |   0.0
        D:2 |      31 |      34 |  52.3 |       8 |       6 |  42.9
            +---------+---------+-------+---------+---------+-------
